 Dungeon Crawl Stone Soup version 0.28-a0-94-g325244837d (webtiles) character file.

Game seed: 8644037569491591392

16459 Zadan the Geomancer (level 12, -3/70 HPs)
             Began as a Gargoyle Earth Elementalist on Aug 7, 2021.
             Was a Priest of Vehumet.
             Killed by divine providence
             ... invoked by a meliai
              (15 damage)
             ... on level 11 of the Dungeon.
             The game lasted 00:29:26 (12010 turns).

Zadan the Geomancer (Gargoyle Earth Elementalist)  Turns: 12010, Time: 00:29:26

Health: -3/70      AC: 11    Str: 12    XL:     12   Next: 37%
Magic:  7/25       EV: 20    Int: 21    God:    Vehumet [***...]
Gold:   971        SH:  0    Dex: 10    Spells: 20/29 levels left

rFire   + + .      SeeInvis .   (weapon currently unavailable)
rCold   + + .      Faith    .   (shield currently unavailable)
rNeg    + + +      Spirit   .   (armour currently unavailable)
rPois   ∞          Reflect  .   (helmet currently unavailable)
rElec   +          Harm     .   (cloak currently unavailable)
rCorr   +          Rampage  .   (gloves currently unavailable)
Will    .....      Rnd*Rage +   (boots currently unavailable)
Stlth   ++........              (amulet currently unavailable)
HPRegen 0.21/turn               (ring currently unavailable)
MPRegen 0.19/turn               (ring currently unavailable)

@: wisp-form, flying
A: insubstial, flying, no casting, sickness immunity, AC +8, tiny, negative
energy resistance 1, (electricity resistance), torment resistance 1,
petrification resistance, berserk 1, sense surroundings 1
a: Renounce Religion


You were on level 11 of the Dungeon.
You worshipped Vehumet.
Vehumet was most pleased with you.
You were an insubstantial wisp.
You visited 2 branches of the dungeon, and saw 13 of its levels.

You collected 1657 gold pieces.
You spent 686 gold pieces at shops.

Inventory:

Hand Weapons
 s - a +3 short sword of speed (melded)
 F - a +5 mace
Missiles
 c - 136 stones
Armour
 f - the +2 hat of the Pleiades (melded) {rN+ Regen+ Stlth-}
   (You acquired it on level 3 of the Dungeon)

   rN:        It protects you from negative energy.
   Regen:     It increases your rate of health regeneration.
   Stlth:     It makes you less stealthy.
 l - a +0 pair of boots (melded)
 v - a +1 cloak (melded)
 y - the +2 robe of Vines (melded) {NoPotionHeal Regen+++}
   (You found it on level 3 of the Dungeon)

   Its wearer cannot be healed by potions.
   Regen:     It increases your rate of health regeneration.
Magical Staves
 p - a staff of earth
Jewellery
 h - an amulet of regeneration (melded)
 q - a +4 ring of evasion
 B - a +6 ring of intelligence (melded)
 C - a ring of wizardry
 G - the ring "Veekk" (melded) {rF+++ Will- rCorr Dex+6}
   (You found it on level 9 of the Dungeon)

   [ring of dexterity]

   Dex:       It affects your dexterity (+6).
   rF:        It renders you almost immune to fire.
   rCorr:     It protects you from acid and corrosion.
   Will:      It decreases your willpower.
 K - a ring of flight
Wands
 t - a wand of digging (7)
 M - a wand of flame (12)
Scrolls
 a - 4 scrolls of teleportation
 e - 4 scrolls of magic mapping
 j - a scroll of identify
 r - a scroll of blinking
 E - a scroll of fog
Potions
 d - 7 potions of curing
 i - 2 potions of invisibility
 k - a potion of berserk rage
 m - a potion of magic {unknown}
 n - a potion of flight {unknown}
 o - a potion of brilliance
 u - 3 potions of attraction {unknown}
 x - a potion of ambrosia
 z - a potion of degeneration {unknown}
 A - 2 potions of heal wounds {unknown}
 H - a potion of cancellation
 I - a potion of haste
 J - a potion of resistance {unknown}
Miscellaneous
 L - a tin of tremorstones (inert)


   Skills:
 + Level 6.2 Fighting
 + Level 5.5 Maces & Flails
 - Level 6.0 Armour
 + Level 5.0 Dodging
 - Level 2.1 Stealth
 + Level 9.2 Spellcasting
 + Level 7.5 Conjurations
 - Level 0.7 Transmutations
 + Level 11.8 Earth Magic
 + Level 5.2 Evocations


You had 20 spell levels left.
You knew the following spells:

 Your Spells              Type           Power      Damage    Failure   Level
a - Sandblast             Erth           100%       2d20      1%          1
b - Stone Arrow           Conj/Erth      100%       3d13      1%          3
e - Bolt of Magma         Conj/Fire/Erth 18%        4d10      4%          5

Your spell library contained the following spells:

 Spells                   Type           Power      Damage    Failure   Level
 Inner Flame              Hex/Fire       9%         N/A       6%          3
 Passwall                 Tmut/Erth      30%        N/A       1%          2
 Ignite Poison            Fire/Tmut/Pois 10%        N/A       5%          3
 Petrify                  Tmut/Erth      36%        N/A       5%          4
 Animate Skeleton         Necr           18%        N/A       7%          1
 Apportation              Tloc           18%        N/A       7%          1
 Corona                   Hex            10%        N/A       7%          1
 Summon Small Mammal      Summ           36%        N/A       7%          1
 Gell's Gravitas          Tloc           4%         N/A       22%         3
 Swiftness                Air            9%         N/A       22%         3
 Teleport Other           Tloc           9%         N/A       22%         3
 Invisibility             Hex            4%         N/A       100%        6


Dungeon Overview and Level Annotations

Branches:
Dungeon (12/15)            Temple (1/1) D:6             Orc (0/2) D:10
   Lair: D:8-11

Altars:
Ashenzari
Cheibriados
Dithmenos
Elyvilon
Fedhas
Gozag
Hepliaklqana
Kikubaaqudgha
Makhleb
Nemelex Xobeh
Okawaru
Qazlal
Ru
Sif Muna
Trog
Uskayaw
Vehumet
Xom
Yredelemnul
Zin
The Shining One

Shops:
D:1 !   D:2 [   D:8 :


Innate Abilities, Weirdness & Mutations

You are an insubstantial wisp.
Your tiny insubstantial body is highly resistant to most damage types.
You are flying.
Your equipment is entirely melded.
You are incapable of wielding weapons or throwing items.
You cannot cast spells.
You are immune to sickness and miasma.
((Your stone body is resilient. (AC +8)))
You are immune to poison.
You resist negative energy. (rN+)
((You are resistant to electric shocks. (rElec)))
You are resistant to unholy torment.
You are immune to petrification.
You tend to lose your temper in combat.
You passively map a small area around you.


Message History

Your +1 cloak melds into your body.
The +2 hat of the Pleiades {rN+ Regen+ Stlth-} melds into your body.
Your +0 pair of boots melds into your body.
The +2 robe of Vines {NoPotionHeal Regen+++} melds into your body.
The ring "Veekk" {rF+++ Will- rCorr Dex+6} melds into your body.
Your +6 ring of intelligence melds into your body.
Your amulet of regeneration melds into your body.
The vines fall away from your body!
You feel clumsy.
You feel stupid.
You can't do that in your present form.
Unknown command.
You can't do that in your present form.
Unknown command.
Unknown command.
You can't do that in your present form.
Unknown command.
You can't do that in your present form.
Unknown command.
You can't do that in your present form.
You touch the meliai but do no damage.
The meliai is severely wounded.
The meliai calls down the wrath of its god upon you.
Something smites you!
A deep elf pyromancer comes into view. It is wielding a +0 long sword.
The meliai completely misses you. The meliai closely misses you.
You touch the meliai but do no damage.
The meliai is heavily wounded.
The meliai misses you. The meliai hits you with a +0 hand axe!
The meliai stings you.
The meliai zaps a wand.
You easily resist.
You touch the meliai but do no damage.
The meliai is heavily wounded.
The meliai hits you with a +0 hand axe!
* * * LOW HITPOINT WARNING * * *
The meliai stings you.
* * * LOW HITPOINT WARNING * * *
The meliai calls upon its god to heal the meliai.
The meliai is healed somewhat.
The meliai invokes the aid of its god against you.
Something smites you!
You die...

+ .. * * * #C. * , *
l., , , * * ,*, Y# * ,
,#§# , , ,*,
#####)#########+####
#...y.(...#......... ,
*
#.#.#####)#.###^.#.###
#.e..yv.#.......)..# *
,#.###.#.#..........#
, .. #y#.'..........#
#.#.#[#.........<# ,
...#.#.######.###
#####.#.#.# #.# ,
,........#.# #.#
###+#####.# ###.### ,
.........# #.....#


You could see a deep elf pyromancer and 2 meliai.

Vanquished Creatures
  A hydra (D:11)
  A centaur warrior (D:11)
  Erolcha (D:12)
  A catoblepas (D:11)
  A two-headed ogre (D:10)
  2 death knights (D:11)
  2 ugly things
  A cyclops (D:11)
  Maurice (D:11)
  Joseph (D:7)
  Maggie (D:6)
  A gargoyle (D:12)
  A komodo dragon (D:11)
  A meliai (shapeshifter) (D:11)
  3 trolls
  2 polar bears (D:10)
  A meliai (D:11)
  4 slime creatures (D:12)
  A centaur simulacrum (D:11)
  2 wyverns (D:10)
  2 shadows (D:11)
  2 wraiths
  12 yaks
  The ghost of anet the Covert, an amateur GnDe (D:3)
  2 steam dragons
  4 water moccasins
  An acid dragon (D:8)
  A hornet zombie (D:9)
  An orc warrior (D:9)
  An ice beast (D:5)
  2 sky beasts (D:5)
  A necrophage (D:5)
  2 ogres
  2 black bears
  A centaur (D:10)
  4 bullfrogs
  5 scorpions
  A water moccasin zombie (D:7)
  A wyvern skeleton (D:7)
  4 killer bees
  4 howler monkeys
  12 wights
  The ghost of Conn the Firebug, a weakling OpFE (D:3)
  A bullfrog zombie (D:7)
  7 centaur zombies (D:9)
  4 crimson imps (D:4)
  3 orc priests (D:7)
  A centaur skeleton (D:5)
  5 hounds
  2 jellies
  2 iguanas
  3 orc wizards
  A hound skeleton (D:5)
  3 howler monkey zombies (D:9)
  5 adders
  A howler monkey skeleton (D:7)
  2 white imps
  2 worms (D:2)
  10 orcs
  8 endoplasms
  A giant cockroach (D:3)
  12 hobgoblins
  7 jackals
  6 kobolds
  2 quokkas (D:1)
  4 ball pythons
  4 bats
  A frilled lizard (D:3)
  9 goblins
  2 rats
204 creatures vanquished.

Vanquished Creatures (others)
  A demonic plant (D:3)
  A fungus (D:3)
  A plant (D:3)
3 creatures vanquished.

Grand Total: 207 creatures vanquished

Notes
Turn   | Place    | Note
-------+----------+-------------------------------------------
     0 | D:1      | Zadan the Gargoyle Earth Elementalist began the quest for
                  | the Orb.
     0 | D:1      | Reached XP level 1. HP: 10/10 MP: 3/3
   420 | D:1      | Reached skill level 4 in Earth Magic
   420 | D:1      | Reached XP level 2. HP: 15/15 MP: 5/5
   557 | D:1      | Found Vutuick's Distillery.
  1319 | D:2      | You fall into a shaft and drop 1 floor!
  1321 | D:3      | Found a runed translucent gate.
  1321 | D:3      | Found a runed translucent gate.
  1324 | D:3      | Found a runed translucent gate.
  1326 | D:3      | Noticed anet's ghost (amateur GnDe)
  1326 | D:3      | Noticed Conn's ghost (weakling OpFE)
  1327 | D:3      | Found the +2 robe of Vines {NoPotionHeal Regen+++}
  1458 | D:3      | Found a broken altar of Ashenzari.
  1483 | D:3      | Identified a scroll of acquirement
  1483 | D:3      | Acquired the +2 hat of the Pleiades {rN+ Regen+ Stlth-}
  1527 | D:3      | Found a hazy altar of Hepliaklqana.
  1565 | D:2      | Reached XP level 3. HP: 19/19 MP: 2/7
  1570 | D:2      | Learned a level 3 spell: Stone Arrow
  1818 | D:2      | Found Ecrior's Antique Armour Shop.
  2375 | D:3      | Reached XP level 4. HP: 24/24 MP: 6/8
  2533 | D:3      | Found a faded altar of an unknown god.
  2544 | D:3      | Reached skill level 5 in Earth Magic
  2608 | D:3      | Got the Almanac of the Displaced Volcanoes
  3101 | D:4      | Noticed a black bear
  3111 | D:4      | Killed a black bear
  3112 | D:4      | Reached XP level 5. HP: 28/28 MP: 2/10
  3519 | D:4      | Found a shimmering altar of Xom.
  3527 | D:4      | Reached skill level 6 in Earth Magic
  3527 | D:4      | Reached XP level 6. HP: 32/32 MP: 9/12
  4159 | D:5      | Entered Level 5 of the Dungeon
  4169 | D:5      | Found a glowing silver altar of Zin.
  4173 | D:5      | Noticed a necrophage
  4178 | D:5      | Killed a necrophage
  4179 | D:5      | Reached skill level 5 in Spellcasting
  4179 | D:5      | Reached skill level 7 in Earth Magic
  4179 | D:5      | Reached XP level 7. HP: 36/36 MP: 8/14
  4272 | D:5      | Gained mutation: You tend to lose your temper in combat.
                  | [potion of mutation]
  4272 | D:5      | Gained mutation: You passively map a small area around you.
                  | [potion of mutation]
  4308 | D:5      | Found an opulent altar of Gozag.
  4534 | D:5      | Reached skill level 8 in Earth Magic
  4759 | D:5      | Reached XP level 8. HP: 41/41 MP: 6/17
  5404 | D:6      | Found a staircase to the Ecumenical Temple.
  5419 | D:6      | Reached skill level 9 in Earth Magic
  5429 | Temple   | Entered the Ecumenical Temple
  5604 | Temple   | Became a worshipper of Vehumet
  5749 | D:6      | Noticed Maggie
  5927 | D:6      | Killed Maggie
  6042 | D:6      | Reached XP level 9. HP: 45/45 MP: 10/20
  6223 | D:6      | Reached skill level 1 in Conjurations
  6223 | D:6      | Reached skill level 10 in Earth Magic
  6237 | D:6      | Reached skill level 1 in Fighting
  6237 | D:6      | Reached skill level 1 in Armour
  6362 | D:6      | Reached skill level 1 in Maces & Flails
  6362 | D:6      | Reached skill level 1 in Evocations
  6709 | D:3      | Killed Conn's ghost
  6713 | D:3      | Killed anet's ghost
  7282 | D:7      | Noticed Joseph
  7294 | D:7      | Killed Joseph
  7487 | D:7      | Reached * piety under Vehumet
  7487 | D:7      | Offered knowledge of Freeze by Vehumet.
  8036 | D:8      | Found a blossoming altar of Fedhas.
  8119 | D:8      | Reached XP level 10. HP: 54/54 MP: 21/21
  8267 | D:8      | Learned a level 5 spell: Bolt of Magma
  8430 | D:8      | Found Ziumy's Book Emporium.
  8678 | D:8      | Identified the +2 war axe "Seumn" {vorpal, rElec MP+9 Int+4
                  | Dex+3}
  9007 | D:9      | Found a sparkling altar of Nemelex Xobeh.
  9039 | D:9      | Reached skill level 5 in Conjurations
  9327 | D:9      | Offered knowledge of Magic Dart by Vehumet.
  9353 | D:9      | Reached ** piety under Vehumet
  9496 | D:9      | Found a basalt altar of Yredelemnul.
  9586 | D:9      | Acquired 948 gold pieces
  9634 | D:9      | Found a snail-covered altar of Cheibriados.
  9634 | D:9      | Found an iron altar of Okawaru.
  9660 | D:9      | Identified the ring "Veekk" {rF+++ Will- rCorr Dex+6}
  9880 | D:1      | Bought a potion of cancellation for 112 gold pieces
  9880 | D:1      | Bought a potion of curing for 42 gold pieces
  9880 | D:1      | Bought a potion of brilliance for 56 gold pieces
  9880 | D:1      | Bought a potion of ambrosia for 112 gold pieces
  9880 | D:1      | Bought a potion of curing for 42 gold pieces
  9880 | D:1      | Bought a potion of curing for 42 gold pieces
  9880 | D:1      | Bought 2 potions of haste for 280 gold pieces
 10075 | D:10     | Entered Level 10 of the Dungeon
 10255 | D:10     | Reached XP level 11. HP: 62/62 MP: 23/23
 10272 | D:10     | Reached skill level 11 in Earth Magic
 10464 | D:10     | Found a burning altar of Makhleb.
 10477 | D:10     | Found a staircase to the Orcish Mines.
 10616 | D:10     | Found a bloodstained altar of Trog.
 10810 | D:10     | Noticed a two-headed ogre
 10816 | D:10     | Killed a two-headed ogre
 10868 | D:10     | You fall into a shaft and drop 2 floors!
 10875 | D:12     | Noticed a brown ugly thing
 10881 | D:12     | Killed a brown ugly thing
 10881 | D:12     | Offered knowledge of Inner Flame by Vehumet.
 10936 | D:12     | Reached skill level 5 in Fighting
 11060 | D:12     | Noticed Erolcha
 11073 | D:12     | Killed Erolcha
 11074 | D:12     | Reached skill level 5 in Armour
 11507 | D:10     | Found a stormy altar of Qazlal.
 11674 | D:11     | Noticed an eight-headed hydra
 11678 | D:11     | Killed an eight-headed hydra
 11736 | D:11     | Noticed Maurice
 11746 | D:11     | Killed Maurice
 11770 | D:11     | Reached skill level 5 in Maces & Flails
 11839 | D:11     | Noticed a centaur warrior
 11839 | D:11     | Noticed a death knight
 11839 | D:11     | Noticed a death knight
 11839 | D:11     | Noticed a catoblepas
 11848 | D:11     | Noticed a purple ugly thing
 11851 | D:11     | Killed a death knight
 11853 | D:11     | Noticed a cyclops
 11881 | D:11     | Killed a death knight
 11882 | D:11     | Reached XP level 12. HP: 66/69 MP: 7/25
 11886 | D:11     | Killed a catoblepas
 11886 | D:11     | Reached *** piety under Vehumet
 11899 | D:11     | Reached skill level 5 in Evocations
 11917 | D:11     | Killed a centaur warrior
 12004 | D:11     | Reached skill level 5 in Dodging
 12010 | D:11     | Killed from afar by a meliai

Illustrated notes

Levels and vault maps discovered:
D:1:      dpeg_arrival_castle, layout_loops_corners, serial_shops,
          nicolae_shop_crystal
D:2:      layout_rooms, serial_shops, shop
D:3:      cheibrodos_greedy_goblins, layout_loops_ring,
          mainiacjoe_overflow_surrounded_room, lemuel_round_altar,
          gammafunk_ghost_cemetery, shapermc_ecumenical_altar_gd,
          minmay_misc_feat_plants
D:4:      layout_loops_ring, led_xom_imps
D:5:      layout_basic, mainiacjoe_overflow_small_starburst,
          mainiacjoe_overflow_alcove_1
D:6:      layout_rooms, minmay_temple_entry_stoned_glass, uniq_maggie
D:7:      layout_basic, serial_bayou_pond_a, uniq_joseph
D:8:      layout_loops_ring, mainiacjoe_overflow_paths, serial_shops,
          nicolae_inconvenience_store
D:9:      layout_cross, nicolae_yredelemnul_corpse_copse,
          nemelex_xobeh_ov_fountains_minmay, gammafunk_temple_overflow_elements
D:10:     layout_loops_ring, nicolae_qazlal_eye_of_the_storm,
          trog_ov_bears_minmay, general_overflow_altar, orc_0_dummy,
          chequers_serial_rivers_marsh
D:11:     minmay_the_grid_net [minmay_the_grid_holed_spiral,
          minmay_the_grid_medium_cups, minmay_the_grid_mess,
          minmay_the_grid_square_x, minmay_the_grid_expand,
          minmay_the_grid_prize_big_room], layout_rooms,
          erik_lair_orcish_takeover, uniq_maurice, uniq_fannar
D:12:     layout_loops_cross, grunt_potential, uniq_erolcha
Temple:   nicolae_temple_figure_zero

Skill      XL: |  1  2  3  4  5  6  7  8  9 10 11 12 |
---------------+-------------------------------------+-----
Earth Magic    | 4 5 6 7 8 9 10 11 | 11.8
Spellcasting   | 3 4 5 6 7 8 9 |  9.2
Conjurations   | 4 6 7 |  7.5
Fighting       | 2 4 5 6 |  6.2
Armour         | 2 4 5 6 |  6.0
Maces & Flails | 2 3 5 |  5.5
Dodging        | 2 3 4 5 |  5.0
Evocations     | 2 3 4 5 |  5.2
Stealth        | |  2.1
Transmutations | |  0.7

Action                   |  1- 3 |  4- 6 |  7- 9 | 10-12 || total
-------------------------+-------+-------+-------+-------++-------
Melee: Dagger            |   155 |   162 |   276 |   148 ||   741
       Short sword       |       |       |       |   393 ||   393
       Unarmed           |       |       |       |     3 ||     3
 Cast: Sandblast         |    27 |    26 |    47 |    56 ||   156
       Stone Arrow       |       |       |    55 |    71 ||   126
       Bolt of Magma     |       |       |       |     2 ||     2
Evoke: Wand              |       |       |     5 |    10 ||    15
       Tin of tremorston |       |       |       |     2 ||     2
  Use: Scroll            |     5 |       |     7 |     3 ||    15
       Potion            |       |       |     1 |     4 ||     5
 Stab: Sleeping          |     4 |       |       |       ||     4
       Paralysed         |       |       |     6 |    13 ||    19
       Petrified         |       |       |       |     1 ||     1
Armor: Robe              |    75 |   121 |   136 |   302 ||   634
       Skin              |       |       |       |     7 ||     7
Dodge: Dodged            |   102 |   148 |   295 |   455 ||  1000

Table legend: (Time is in decaauts)
 A = Elapsed time spent in this place.
 B = Non-inter-level travel time spent in this place.
 C = Inter-level travel time spent in this place.
 D = Time resting spent in this place.
 E = Time spent auto-exploring this place.
 F = Levels seen in this place.
 G = Mean time per level.
                   A        B        C        D        E       F      G
               +--------+--------+--------+--------+--------+-----+--------+
         Total |  11951 |  10853 |   1098 |    254 |   8490 |  13 |  919.3 |
       Dungeon |  11762 |  10677 |   1085 |    254 |   8321 |  12 |  980.2 |
        Temple |    188 |    175 |     13 |      0 |    169 |   1 |  188.0 |
               +--------+--------+--------+--------+--------+-----+--------+

Top non-repeatable levels by time:
     D:5: 1490 daAuts
     D:3: 1363 daAuts
     D:1: 1284 daAuts
     D:8: 1279 daAuts
    D:10: 1181 daAuts
     D:4: 1171 daAuts
     D:7: 972 daAuts
     D:6: 920 daAuts
     D:2: 838 daAuts
     D:9: 547 daAuts
    D:12: 374 daAuts
    D:11: 339 daAuts
  Temple: 188 daAuts
